 Dungeon Crawl Stone Soup version 0.28.0-53-g5a82cb258f (webtiles) character file.

Game seed: 8551404141359947003

15557 BeingJoeMalik the Bludgeoner (level 12, -11/80 HPs)
             Began as a Tengu Fighter on July 28, 2022.
             Was a High Priest of Okawaru.
             Mangled by an orc knight
             ... wielding a +0 great mace
              (32 damage)
             ... on level 1 of the Orcish Mines on July 31, 2022.
             The game lasted 00:41:49 (14561 turns).

BeingJoeMalik the Bludgeoner (Tengu Fighter)       Turns: 14561, Time: 00:41:49

Health: -11/80     AC:  8    Str: 17    XL:     12   Next: 28%
Magic:  13/13      EV: 12    Int: 11    God:    Okawaru [*****.]
Gold:   958        SH:  7    Dex: 20    Spells: 11/11 levels left

rFire   + . .      SeeInvis .   d - +3 flail (venom)
rCold   + . .      Faith    .   c - +1 buckler
rNeg    + . .      Spirit   .   s - +0 steam dragon scales
rPois   .          Reflect  .   (helmet restricted)
rElec   .          Harm     .   (no cloak)
rCorr   .          Rampage  .   y - +2 pair of gloves "Enota" {rF+ rC+ Int+2 Dex+2}
Will    +....                   (boots unavailable)
Stlth   ++........              v - amulet of regeneration
HPRegen 1.03/turn               f - ring of positive energy
MPRegen 0.13/turn               w - ring of willpower

@: flying quickly and evasively, quick
A: beak, talons 3, nimble flight
a: Renounce Religion, Heroism, Finesse, Duel


You were on level 1 of the Orcish Mines.
You worshipped Okawaru.
Okawaru was extremely pleased with you.
You visited 3 branches of the dungeon, and saw 13 of its levels.
You also visited: Bailey.

You collected 958 gold pieces.

Inventory:

Hand Weapons
 a - a +4 dire flail of freezing
 d - a +3 flail of venom (weapon)
 e - a +1 whip of electrocution
 p - a +5 flail
Missiles
 t - 17 poisoned darts (quivered)
Armour
 c - a +1 buckler (worn)
 k - the +1 scale mail "Dihifoel" {-Tele rN++ Str+9 Stlth-}
   (Okawaru gifted it to you in a bailey)

   Str:       It affects your strength (+9).
   rN:        It greatly protects you from negative energy.
   -Tele:     It prevents most forms of teleportation.
   Stlth:     It makes you less stealthy.
 s - +0 steam dragon scales (worn)
 y - the +2 pair of gloves "Enota" (worn) {rF+ rC+ Int+2 Dex+2}
   (Okawaru gifted it to you on level 10 of the Dungeon)

   Int:       It affects your intelligence (+2).
   Dex:       It affects your dexterity (+2).
   rF:        It protects you from fire.
   rC:        It protects you from cold.
Jewellery
 f - a ring of positive energy (left hand)
 g - an amulet of faith
 v - an amulet of regeneration (around neck)
 w - a ring of willpower (right hand)
 x - a ring of protection from fire
Wands
 l - a wand of flame (24)
Scrolls
 h - a scroll of teleportation
 i - 4 scrolls of summoning
 j - 2 scrolls of acquirement
 m - a scroll of holy word
 q - 2 scrolls of enchant armour
 r - 2 scrolls of identify
Potions
 n - a potion of might
 o - a potion of ambrosia
 u - a potion of curing
 z - a potion of mutation


   Skills:
 + Level 11.6 Fighting
 + Level 16.8 Maces & Flails
 - Level 3.2 Armour
 - Level 5.2 Shields


You had 11 spell levels left.
You didn't know any spells.
Your spell library contained the following spells:

 Spells                   Type           Power      Damage    Failure   Level
 Static Discharge         Conj/Air       0%         N/A       56%         2
 Inner Flame              Hex/Fire       0%         N/A       80%         3
 Portal Projectile        Hex/Tloc       0%         N/A       80%         3
 Cause Fear               Hex            0%         N/A       99%         4
 Dispel Undead            Necr           0%         3d6       99%         4
 Leda's Liquefaction      Hex/Erth       0%         N/A       99%         4
 Sticky Flame             Conj/Fire      0%         2d3       99%         4
 Discord                  Hex            0%         N/A       100%        8
 Call Canine Familiar     Summ           Unusable   N/A       N/A         3

Dungeon Overview and Level Annotations

Branches:
Dungeon (11/15)            Temple (1/1) D:5            Lair (0/6) D:10
    Orc (1/2) D:10         Bailey (visited)

Altars:
Ashenzari
Cheibriados
Dithmenos
Elyvilon
Fedhas
Gozag
Hepliaklqana
Kikubaaqudgha
Makhleb
Nemelex Xobeh
Okawaru
Qazlal
Ru
Sif Muna
Trog
Uskayaw
Vehumet
Wu Jian
Xom
Yredelemnul
Zin
The Shining One

Shops:
D:7 *   D:9 *=


Innate Abilities, Weirdness & Mutations

You have a beak for a mouth.
You have claws for feet.
Your magical nature lets you fly swiftly and evasively.


Message History

You block the orc knight's attack.
You hit the orc knight.
The orc knight looks as sick as possible!
Your kick misses the orc knight.
The orc knight is moderately wounded.
An orc knight comes into view.
It is wielding a +0 dire flail and wearing a +3 plate armour of cold resistance.
You closely miss the orc knight.
The orc knight shouts!
Your kick misses the orc knight.
The orc knight is lightly wounded.
You hear a shout! x2
The orc sorcerer casts a spell at you. You resist with almost no effort.
The orc knight roars a battlecry!
The orc knight goes into a battle-frenzy!
You block the orc knight's attack.
You sock the orc knight! Your kick misses the orc knight.
The orc knight is moderately wounded.
An orc warrior comes into view. It is wielding a +0 glaive.
Unknown command.
Found 23 gold pieces.
You block the orc sorcerer's attack.
The orc knight hits you with a +0 great mace!!!
Ouch! That really hurt!
* * * LOW HITPOINT WARNING * * *
An orc comes into view. It is wielding a +0 flail.
The orc shouts!
An orc comes into view. It is wielding a +0 dagger.
Unknown command.
You hit the orc sorcerer. Your kick misses the orc sorcerer.
The orc sorcerer is lightly wounded.
You block the orc sorcerer's attack.
An orc priest comes into view. It is wielding a +0 mace.
You block the orc knight's attack.
Unknown command.
You closely miss the orc sorcerer. You claw the orc sorcerer.
The orc sorcerer is lightly wounded.
An orc wizard comes into view. It is wielding a +0 dagger.
You block the orc sorcerer's attack.
The orc knight hits you with a +0 great mace!!
You die...

### #...o8 8≈...# ##.###
#...≈o .≈...# #....##
#...≈8 8o...# ##....#
#...≈≈ ≈≈...# ####...#
#..... ....$ ##.#.....
#...o o.. ##........
#.o#o#.. #.........
#####@##..# #.........
##....o.^..# #.........
#.$........###.........
###..........##.........
#..........###..........
#.$.....#.#.#...........
#........##.............
#.#.....................
###.....................


You could see 2 orc knights, an orc sorcerer (strong), an orc warrior (strong),
an orc priest (strong), an orc wizard (strong) and 2 orcs.

Vanquished Creatures
  A two-headed ogre (D:9)
  An orc high priest (Bailey)
  6 orc knights
  Pikel (D:5)
  5 centaur zombies
  Joseph (D:9)
  3 kobold demonologists
  3 komodo dragons (D:10)
  Grinder (D:5)
  Sigmund (D:2)
  3 shadows
  A wraith (D:10)
  3 wyverns
  8 yaks
  A basilisk (D:10)
  2 steam dragons
  A two-headed ogre zombie (D:10)
  An acid dragon (D:10)
  2 water moccasins
  2 sky beasts
  18 orc warriors
  A necrophage (D:7)
  4 ogres
  5 centaurs
  A phantom (D:10)
  3 lemures (D:5)
  3 kobold brigands
  3 bullfrogs
  A water moccasin zombie (D:5)
  A wyvern zombie (D:7)
  A scorpion (D:4)
  A wyvern skeleton (D:7)
  A water moccasin skeleton (D:4)
  3 troll zombies (D:10)
  8 wights
  11 electric eels
  4 howler monkeys
  3 hounds
  A jelly (D:6)
  A bullfrog skeleton (D:7)
  7 orc priests
  A gnoll shaman (D:5)
  A centaur skeleton (D:6)
  Terence (D:2)
  2 iguanas
  7 orc wizards
  3 ogre zombies (D:10)
  8 gnolls
  A howler monkey zombie (D:10)
  A howler monkey skeleton (D:6)
  5 adders
  2 shadow imps (D:6)
  2 worms (D:3)
  A dart slug (D:2)
  51 orcs
  8 endoplasms
  6 giant cockroaches
  7 hobgoblins
  2 jackals (D:2)
  12 kobolds
  5 quokkas
  6 ball pythons
  5 bats
  10 frilled lizards
  20 goblins
  A goblin skeleton (D:10)
  5 goblin zombies (D:10)
  A hobgoblin skeleton (D:10)
  2 hobgoblin zombies (D:10)
  3 orc skeletons (D:10)
  13 orc zombies (D:10)
  5 rats
  A spectral kobold (D:3)
326 creatures vanquished.

Vanquished Creatures (collateral kills)
  An ogre (D:4)
  A ball python (D:4)
2 creatures vanquished.

Vanquished Creatures (others)
  29 plants (D:10)
29 creatures vanquished.

Grand Total: 357 creatures vanquished

Notes
Turn   | Place    | Note
-------+----------+-------------------------------------------
     0 | D:1      | BeingJoeMalik the Tengu Fighter began the quest for the
                  | Orb.
     0 | D:1      | Reached XP level 1. HP: 14/14 MP: 2/2
   191 | D:1      | Reached XP level 2. HP: 17/19 MP: 3/3
   192 | D:1      | Reached skill level 3 in Maces & Flails
   785 | D:1      | Reached XP level 3. HP: 18/23 MP: 4/4
   929 | D:2      | Noticed Terence
   931 | D:2      | Reached skill level 4 in Maces & Flails
  1093 | D:2      | Killed Terence
  1094 | D:2      | Reached XP level 4. HP: 28/28 MP: 5/5
  1284 | D:2      | Reached skill level 5 in Maces & Flails
  1294 | D:2      | Noticed Sigmund
  1313 | D:2      | Killed Sigmund
  1314 | D:2      | Reached skill level 6 in Maces & Flails
  1314 | D:2      | Gained mutation: Your magical nature lets you fly swiftly
                  | and evasively. [Tengu growth]
  1314 | D:2      | Reached XP level 5. HP: 21/32 MP: 6/6
  1314 | D:2      | Reached XP level 6. HP: 25/37 MP: 7/7
  2348 | D:3      | Reached skill level 7 in Maces & Flails
  2670 | D:3      | Found a faded altar of an unknown god.
  3055 | D:4      | Reached skill level 8 in Maces & Flails
  3055 | D:4      | Reached XP level 7. HP: 32/41 MP: 8/8
  3711 | D:4      | Found a sacrificial altar of Ru.
  4130 | D:5      | Entered Level 5 of the Dungeon
  4559 | D:5      | Noticed Pikel
  4563 | D:5      | Noticed Grinder
  4647 | D:5      | Reached skill level 9 in Maces & Flails
  4890 | D:5      | Killed Pikel
  4891 | D:5      | Reached skill level 10 in Maces & Flails
  4891 | D:5      | Reached XP level 8. HP: 16/48 MP: 9/9
  5109 | D:5      | Found a staircase to the Ecumenical Temple.
  5120 | Temple   | Entered the Ecumenical Temple
  5211 | Temple   | Became a worshipper of Warmaster Okawaru
  5474 | D:5      | Paralysed by Grinder for 7 turns
  5483 | D:5      | Killed Grinder
  5886 | D:6      | Reached skill level 11 in Maces & Flails
  6116 | D:6      | Reached skill level 5 in Fighting
  6428 | D:6      | Reached * piety under Okawaru
  6429 | D:6      | Reached XP level 9. HP: 34/54 MP: 10/10
  6834 | D:5      | Reached skill level 12 in Maces & Flails
  7955 | D:6      | Reached ** piety under Okawaru
  8599 | D:7      | Reached skill level 5 in Shields
  9044 | D:7      | Found Guawkoyh's General Store.
  9209 | D:8      | Reached XP level 10. HP: 61/61 MP: 11/11
  9287 | D:8      | Reached skill level 13 in Maces & Flails
  9609 | D:8      | Reached *** piety under Okawaru
 10331 | D:9      | Reached skill level 14 in Maces & Flails
 10332 | D:9      | Reached **** piety under Okawaru
 10348 | D:9      | Found a flagged portal.
 10349 | D:9      | Noticed Joseph
 10411 | D:9      | Killed Joseph
 10426 | Bailey   | Entered a bailey
 10568 | Bailey   | Noticed an orc knight
 10572 | Bailey   | Noticed an orc knight
 10576 | Bailey   | Noticed an orc knight
 10599 | Bailey   | Killed an orc knight
 10669 | Bailey   | Killed an orc knight
 10669 | Bailey   | Reached ***** piety under Okawaru
 10670 | Bailey   | Reached skill level 15 in Maces & Flails
 10670 | Bailey   | Reached XP level 11. HP: 35/69 MP: 12/12
 10750 | Bailey   | Killed an orc knight
 10953 | Bailey   | Noticed an orc knight
 10987 | Bailey   | Killed an orc knight
 11057 | Bailey   | Identified the +1 scale mail "Dihifoel" {-Tele rN++ Str+9
                  | Stlth-} (Okawaru gifted it to you in a bailey)
 11057 | Bailey   | Received a gift from Okawaru
 11091 | Bailey   | Found an iron altar of Okawaru.
 11093 | Bailey   | Noticed an orc high priest
 11118 | Bailey   | Killed an orc high priest
 11334 | Bailey   | Noticed an orc knight
 11343 | Bailey   | Killed an orc knight
 11488 | D:9      | Noticed a two-headed ogre
 11648 | D:9      | Found Supholy's Gadget Gallery.
 11730 | D:9      | You are sucked into a shaft and drop 2 floors!
 11742 | D:10     | Entered Level 10 of the Dungeon
 11799 | D:9      | Found Jahos's Jewellery Emporium.
 11913 | D:9      | Killed a two-headed ogre
 11914 | D:9      | Reached skill level 10 in Fighting
 11914 | D:9      | Reached skill level 16 in Maces & Flails
 12618 | D:10     | Found a staircase to the Orcish Mines.
 13420 | D:10     | Reached XP level 12. HP: 63/80 MP: 13/13
 13757 | D:10     | Found a staircase to the Lair.
 13999 | Orc:1    | Entered Level 1 of the Orcish Mines
 14061 | D:10     | Identified the +2 pair of gloves "Enota" {rF+ rC+ Int+2
                  | Dex+2} (Okawaru gifted it to you on level 10 of the
                  | Dungeon)
 14061 | D:10     | Received a gift from Okawaru
 14561 | Orc:1    | Mangled by an orc knight

Illustrated notes

Levels and vault maps discovered:
D:1:      scummos_arrival_star, layout_basic, due_unseen_surprise
D:2:      layout_loops_ring, minmay_statues_item, uniq_sigmund, uniq_terence
D:3:      layout_basic, dreamdust_ecumenical_altar_drowned_temple
D:4:      layout_basic, nicolae_ru_awakened_eye, minmay_diced_spiral
D:5:      wander_river, layout_basic, minmay_temple_entry_enclosed_plants,
          serial_glass, glass_columns_c, glass_columns_b, glass_columns_b,
          glass_columns_a, glass_columns_a, glass_columns_a, glass_columns_a,
          glass_columns_b, glass_columns_a, glass_columns_a, glass_columns_b,
          glass_columns_a, glass_columns_a, glass_columns_b, uniq_pikel,
          uniq_grinder
D:6:      layout_cave_pods
D:7:      layout_gridville, serial_shops, nicolae_lakefront_shop
D:8:      layout_basic
D:9:      minmay_skewed_foursquare, layout_cave_pools, serial_shops, shop,
          enter_bailey_2, nicolae_shop_gadgets, uniq_joseph
D:10:     layout_loops_corners, erik_lair_dragon, zombieorc2_lemuel,
          serial_bayou_lake_a
D:11:     layout_loops_ring, uniq_erolcha, uniq_gastronok
Temple:   dpeg_three_leaves_temple
Orc:1:    nicolae_orc_accident_1, layout_caves, minmay_orc_keep

Skill      XL: |  1  2  3  4  5  6  7  8  9 10 11 |
---------------+----------------------------------+-----
Maces & Flails | 3 4 6 8 10 11 12 15 16 | 16.8
Fighting       | 4 5 6 8 11 | 11.6
Shields        | 5 |  5.2
Armour         | |  3.2

Action                   |  1- 3 |  4- 6 |  7- 9 | 10-12 || total
-------------------------+-------+-------+-------+-------++-------
Melee: Flail             |    78 |    73 |   275 |   588 ||  1014
       Peck              |     5 |     8 |    43 |   151 ||   207
       Kick              |    18 |    18 |    83 |   228 ||   347
Throw: Dart              |       |     1 |     8 |    27 ||    36
Invok: Heroism           |       |       |       |     1 ||     1
Evoke: Wand              |       |       |     4 |     1 ||     5
  Use: Potion            |     1 |       |     3 |     5 ||     9
       Scroll            |       |     3 |    16 |     4 ||    23
 Stab: Invisible         |       |       |       |     2 ||     2
Armor: Scale mail        |    28 |    15 |    39 |       ||    82
       Steam dragon scal |       |       |    11 |    59 ||    70
Dodge: Dodged            |    37 |    15 |    98 |   187 ||   337
Block: Buckler           |    17 |     6 |    70 |   126 ||   219
